 Dungeon Crawl Stone Soup version 0.28.0-45-g0d030f2227 (webtiles) character file.

Game seed: 941339491976454360

59 issech the Cudgeller (level 3, 0/36 HPs)
             Began as a Troll Monk on Apr 17, 2022.
             Slain by a sky beast (5 damage)
             ... on level 3 of the Dungeon.
             The game lasted 00:05:11 (1588 turns).

issech the Cudgeller (Troll Monk)                   Turns: 1588, Time: 00:05:12

Health: 0/36       AC:  4    Str: 19    XL:     3   Next: 78%
Magic:  2/2        EV: 10    Int:  6    God:
Gold:   104        SH:  0    Dex: 14    Spells: 2/2 levels left

rFire   . . .      SeeInvis .   d - +0 flail
rCold   . . .      Faith    .   (no shield)
rNeg    . . .      Spirit   .   b - +0 robe
rPois   .          Reflect  .   (helmet restricted)
rElec   .          Harm     .   (no cloak)
rCorr   .          Rampage  .   (gloves unavailable)
Will    +....                   (boots unavailable)
Stlth   ++........              (no amulet)
HPRegen 0.92/turn               g - ring of willpower
MPRegen 0.08/turn               (no ring)

@: no status effects
A: large, unfitting armour, claws 3, regeneration 1, shaggy fur 1, tough skin 1
a: no special abilities


You were on level 3 of the Dungeon.
You visited 1 branch of the dungeon, and saw 3 of its levels.

You collected 104 gold pieces.

Inventory:

Hand Weapons
 a - a +0 mace
 d - a +0 flail (weapon)
 m - a +0 hunting sling
Missiles
 e - 63 stones (quivered)
 i - 14 sling bullets
Armour
 b - a +0 robe (worn)
Jewellery
 g - a ring of willpower (left claw)
Scrolls
 c - a scroll of vulnerability {unknown}
 h - a scroll of magic mapping {unknown}
 j - 2 scrolls of identify {unknown}
 k - a scroll of fog {unknown}
Potions
 f - a potion of cancellation {unknown}
 l - a potion of curing {unknown}


   Skills:
 + Level 2.9 Fighting
 + Level 3.3 Maces & Flails
 + Level 0.1 Throwing
 + Level 2.8 Dodging
 + Level 1.2 Stealth


You had 2 spell levels left.
You didn't know any spells.
Your spell library was empty.

Dungeon Overview and Level Annotations

Branches:
Dungeon (3/15)

Altars:

Annotations:
D:2 Sigmund


Innate Abilities, Weirdness & Mutations

You are too large for most types of armour.
You have claws for hands.
Your natural rate of healing is unusually fast.
You are covered in fur. (AC +1)
You have tough skin. (AC +1)


Message History

The hobgoblin misses you. The bat hits you but does no damage.
You barely miss the hobgoblin. You claw the hobgoblin.
You kill the hobgoblin!
The bat barely misses you. The bat hits you.
You see here a hobgoblin corpse.
You hit the bat.
The bat is severely wounded.
The bat hits you but does no damage. The bat barely misses you.
The bat misses you. The bat barely misses you.
You closely miss the bat.
The bat is severely wounded.
The bat hits you but does no damage. The bat hits you but does no damage.
You hit the bat.
You kill the bat!
You see here a bat corpse.
Found 12 gold pieces.
A sky beast comes into view.
The sky beast flickers out of sight!
Deactivating autopickup; reactivate with Ctrl-A.
You see here 12 gold pieces.
Something hits you. Something shocks you.
You see here 12 gold pieces.
You now have 104 gold pieces (gained 12).
Something hits you. Something shocks you.
You closely miss something.
A sky beast appears from thin air!
Reactivating autopickup.
The sky beast hits you. The sky beast shocks you.
You closely miss the sky beast. Your claw misses the sky beast.
The sky beast flickers out of sight!
Deactivating autopickup; reactivate with Ctrl-A.
Something hits you. Something shocks you.
You miss something. Something hits you but does no damage.
You barely miss something. Something hits you. Something shocks you.
* * * LOW HITPOINT WARNING * * *
Something hits you.
* * * LOW HITPOINT WARNING * * *
Something shocks you.
You die...

##..#.......##.#..#
.............#.#..#
........†.........#
.....#†........#..#
.....##....#..##.#
.....##..........#
........######..######
......### #.....{....#
......# #.....@....#
###.### #..........#
#...# ############
#.##### ......#
..###.# ### #


There were no monsters in sight!

Vanquished Creatures
  A gnoll (D:1)
  2 dart slugs
  5 bats
  4 endoplasms
  5 goblins
  5 hobgoblins
  4 kobolds
  4 quokkas (D:1)
  6 ball pythons
  A frilled lizard (D:1)
  5 rats
42 creatures vanquished.

Notes
Turn   | Place    | Note
-------+----------+-------------------------------------------
     0 | D:1      | issech the Troll Monk began the quest for the Orb.
     0 | D:1      | Reached XP level 1. HP: 22/22 MP: 0/0
    84 | D:1      | Reached XP level 2. HP: 7/29 MP: 1/1
   190 | D:1      | Reached skill level 3 in Maces & Flails
   362 | D:1      | Found a faded altar of an unknown god.
   523 | D:1      | Reached XP level 3. HP: 34/36 MP: 2/2
  1361 | D:2      | Noticed Sigmund
  1574 | D:3      | Noticed a sky beast
  1588 | D:3      | Slain by a sky beast

Illustrated notes

Levels and vault maps discovered:
D:1:      psy_arrival_fountain, layout_basic, basic_ecumenical_altar
D:2:      layout_loops_ring, chequers_arboretum, minmay_strange_pillars,
          kennysheep_minor_cross, minivault_11, uniq_sigmund
D:3:      layout_rooms

Skill      XL: |  1  2 |
---------------+-------+-----
Maces & Flails | 3 |  3.3
Fighting       | |  2.9
Throwing       | |  0.1
Dodging        | |  2.8
Stealth        | |  1.2

Action                   || total
-------------------------++-------
Melee: Mace              ||     8
       Punch             ||     4
       Flail             ||   114
Throw: Stone             ||    10
 Stab: Sleeping          ||     3
Armor: Robe              ||    49
Dodge: Dodged            ||    66
